 Dungeon Crawl Stone Soup version bcrawl-1.38.1 (webtiles) character file.

Game seed: 17421275583689697487

373852 Morbidden the Grappler (level 10, -1/92 HPs)
             Began as a Troll Archaeologist on Apr 3, 2023.
             Was a Follower of Cheibriados.
             Slain by a troll (6 damage)
             ... on level 8 of the Dungeon.
             The game lasted 00:09:44 (7199 turns).

Morbidden the Grappler (Troll Archaeologist)        Turns: 7199, Time: 00:09:44

Health: -1/92      AC:  9    Str: 22 (24) XL:     10   Next: 51%
Magic:  15/22      EV: 11    Int: 15 (17) God:    Cheibriados [*.....]
Gold:   134        SH:  0    Dex:  9 (11) Spells: 11/14 levels left

rFire    . . .     GDR:     25%   - Claws (30.8)
rCold    . . .     SeeInvis .   (no shield)
rNeg     . . .     Gourm    +   (armour unavailable)
rPois    .         Faith    .   c - +1 hat
rElec    .         Spirit   .   y - scarf {repulsion}
rCorr    .         Reflect  .   (gloves unavailable)
MR       .....     Clarity  +   (boots unavailable)
Stlth    ++........             F - amulet of regeneration
HPRegen  1.10/turn              r - ring of magical power
MPRegen  0.18/turn              (no ring)

@: studying Unarmed Combat, repel missiles, very slow
A: large, almost no armour, claws 3, fast metabolism 3, gourmand, regeneration
1, AC +8
a: Bend Time, Renounce Religion


You were on level 8 of the Dungeon.
You worshipped Cheibriados.
Cheibriados was aware of your devotion.
You were very full.

You visited 2 branches of the dungeon, and saw 9 of its levels.
You also visited: Sewer.

You collected 614 gold pieces.
You spent 480 gold pieces at shops.

Inventory:

Hand Weapons
 b - a +0 blowgun
Missiles
 d - 6 curare-tipped needles
 k - 1478 stones (quivered)
 C - 95 poisoned tomahawks
 G - 172 sling bullets
Armour
 c - a +1 hat (worn)
 y - a scarf of repulsion (worn)
Jewellery
 o - an uncursed ring of fire
 r - a ring of magical power (left claw)
 F - an amulet of regeneration (around neck)
 H - the ring of Imeq {Ice rPois rN+ Int-4}
   (You found it on level 7 of the Dungeon)

   [ring of ice]

   It enhances your ice magic.
   It affects your intelligence (-4).
   It makes you vulnerable to fire.
   It protects you from cold.
   It protects you from poison.
   It protects you from negative energy.
Wands
 B - a wand of iceblast (10)
 J - a wand of random effects (10)
Scrolls
 g - 2 scrolls of magic mapping
 i - 9 scrolls of identify
 j - a scroll of enchant weapon {unknown}
 l - a scroll of noise {unknown}
 m - 2 scrolls of blinking {unknown}
 n - 4 scrolls of remove curse
 t - a scroll of fear
 u - 2 scrolls of teleportation
 D - a scroll of amnesia {unknown}
 E - a scroll of enchant armour {unknown}
Potions
 h - 2 potions of curing {unknown}
 p - 2 potions of flight {unknown}
 q - 2 potions of degeneration
 s - a potion of invisibility {unknown}
 v - a potion of cancellation {unknown}
 w - a potion of lignification {unknown}
 x - 3 potions of magic {unknown}
 z - 2 potions of haste {unknown}
 A - a potion of might {unknown}
 I - 2 potions of brilliance {unknown}
Comestibles
 a - 4 chunks of flesh
 e - 15 rations {!d}


   Skills:
 * Level 4.0 Fighting
   Level 1.0 Maces & Flails
 * Level 3.7 Throwing
 * Level 5.8 Dodging
 + Level 2.4 Stealth
 * Level 12.7 Unarmed Combat
 * Level 2.7 Spellcasting
 * Level 2.8 Conjurations
 * Level 3.8 Earth Magic
 * Level 1.4 Invocations
 * Level 3.1 Evocations


You had 11 spell levels left.
You knew the following spells:

 Your Spells              Type           Power        Failure   Level  Hunger
a - Stone Arrow           Conj/Erth      ##....       16%         3    ####...

Your spell library contained the following spells:

 Spells                   Type           Power        Failure   Level  Hunger
 Sandblast                Erth           ##....       4%          1    None
 Passwall                 Tmut/Erth      #.......     14%         2    ##.....
 Petrify                  Tmut/Erth      #.........   67%         4    #####..
 Lee's Rapid Deconstruct  Erth           ##........   75%         5    #######


Dungeon Overview and Level Annotations

Branches:
Dungeon (8/12)             Temple (1/1) D:5            Lair (0/6) D:8
    Orc: D:8-11

Altars:
Ashenzari
Cheibriados
Dithmenos
Elyvilon
Fedhas
Gozag
Hepliaklqana
Kikubaaqudgha
Lugonu
Makhleb
Nemelex Xobeh
Okawaru
Qazlal
Ru
Sif Muna
Trog
Uskayaw
Vehumet
Wu Jian
Xom
Yredelemnul
Zin
The Shining One

Shops:
D:5 :   D:6 =

Annotations:
D:3 3 runed translucent doors, pecorinoman's ghost, amateur OgWz
D:6 3 runed translucent doors, Mehrunes's ghost, novice OpEE


Innate Abilities, Weirdness & Mutations

You cannot wear most types of armour.
Your thick skin is tough. (AC +8)
You are too large for most types of armour.
You have claws for hands.
Your metabolism is lightning-fast.
You like to eat raw meat.
Your natural rate of healing is unusually fast.


Message History

You closely miss the troll.
The troll is lightly wounded.
The troll bites you.
The troll claws you. x2; The orc hits you with a +0 club.
You barely miss the troll.
The troll is lightly wounded.
The troll bites you!
* * * LOW HITPOINT WARNING * * *
The troll claws you but does no damage. x2
You claw the troll!
The troll is heavily wounded.
The orc hits you but does no damage.
No path to travel!
You barely miss the troll. Your claw misses the troll.
The troll is heavily wounded.
The troll bites you!
* * * LOW HITPOINT WARNING * * *
The troll claws you.
* * * LOW HITPOINT WARNING * * *
The troll claws you.
You die...

.#.<.....#....#....#..#
.#.......#....#....#..#
###......#....#....#..#
..#......'....#....'..#
..'......##...#....#..#
..#..##..##...#....#..#
..#####.......'....##+##
..# #........#........#
..# #...######.@......#
..# #<..#.....oT......#
..# #...#.............#
..# ##..#......o[.....#
'## ####.............#
..# ######........# ..#
#........# ..#
#........# ..#
####........#


You could see a troll, an orc priest and an orc.

Vanquished Creatures
  A centaur warrior (D:7)
  A manticore (D:8)
  2 hippogriffs
  3 yaks (D:8)
  2 basilisks (D:8)
  3 crocodiles (D:8)
  3 porcupines (D:8)
  3 black bears
  An ice beast (D:6)
  2 orc warriors
  Purgy (Sewer)
  2 phantoms
  2 sky beasts
  2 ogres (D:6)
  2 bullfrogs
  A kobold brigand (D:7)
  A gnoll sergeant (D:7)
  3 centaurs
  A water moccasin skeleton (D:7)
  A scorpion (D:6)
  5 killer bees (D:8)
  A wight (D:7)
  2 howler monkeys (D:8)
  2 orc priests
  3 crimson imps
  A bullfrog zombie (D:6)
  5 hounds
  3 jellies
  6 orc wizards
  A bullfrog skeleton (D:7)
  4 iguanas
  5 worker ants
  A killer bee zombie (D:7)
  A hound zombie (D:7)
  A hound skeleton (D:8)
  A worker ant zombie (D:6)
  3 gnolls (D:7)
  A river rat (D:6)
  7 adders
  A shadow imp (D:7)
  An ooze (D:2)
  2 adder zombies
  An adder skeleton (D:4)
  3 worms (D:3)
  A dart slug (D:4)
  6 leopard geckos
  18 orcs
  8 bats
  5 giant cockroaches
  4 goblins
  11 hobgoblins
  15 jackals
  4 quokkas
  3 ball pythons (D:6)
  5 frilled lizards
  A jackal skeleton (D:6)
  7 kobolds
  8 rats
194 creatures vanquished.

Vanquished Creatures (others)
  3 plants (D:8)
3 creatures vanquished.

Grand Total: 197 creatures vanquished

Notes
Turn   | Place    | Note
-------+----------+-------------------------------------------
     0 | D:1      | Morbidden the Troll Archaeologist began the quest for the
                  | Orb.
     0 | D:1      | Reached XP level 1. HP: 18/18 MP: 0/0
   211 | D:1      | Reached XP level 2. HP: 22/26 MP: 1/1
   308 | D:1      | Reached skill level 1 in Fighting
   953 | D:2      | Reached XP level 3. HP: 33/33 MP: 1/2
  1490 | D:3      | Reached skill level 1 in Unarmed Combat
  1763 | D:3      | Found a runed translucent gate.
  1794 | D:3      | Found a runed translucent gate.
  1795 | D:3      | Found a runed translucent gate.
  1797 | D:3      | Noticed pecorinoman's ghost (amateur OgWz)
  1797 | D:3      | Noticed a kobold brigand
  1798 | D:3      | Noticed a kobold brigand
  1872 | D:3      | Gained mutation: Your natural rate of healing is unusually
                  | fast. [Troll growth]
  1872 | D:3      | Reached XP level 4. HP: 17/41 MP: 3/3
  2098 | D:3      | Reached skill level 2 in Unarmed Combat
  2358 | D:4      | Reached XP level 5. HP: 37/48 MP: 5/5
  2358 | D:4      | Identified a scroll of acquirement
  2358 | D:4      | Identified the ring "Dikutzixt" {rElec rF- rN+ Int+3} (You
                  | acquired it on level 4 of the Dungeon)
  2368 | D:4      | Found a burning altar of Makhleb.
  2368 | D:4      | Found a basalt altar of Yredelemnul.
  2405 | D:4      | Reached skill level 1 in Throwing
  2451 | D:4      | Learned a level 3 spell: Stone Arrow
  2496 | D:4      | Noticed a sky beast
  2509 | D:4      | Killed a sky beast
  2510 | D:4      | Reached skill level 3 in Unarmed Combat
  2510 | D:4      | Reached skill level 1 in Evocations
  2548 | D:4      | Reached XP level 6. HP: 43/55 MP: 6/6
  2612 | D:4      | Found an opulent altar of Gozag.
  2711 | D:4      | Reached skill level 4 in Unarmed Combat
  2931 | D:5      | Entered Level 5 of the Dungeon
  2965 | D:5      | Found a staircase to the Ecumenical Temple.
  2971 | Temple   | Entered the Ecumenical Temple
  3545 | D:5      | Reached skill level 1 in Spellcasting
  3625 | D:5      | Found Ucaorre's Book Shop.
  3761 | D:5      | Reached skill level 5 in Unarmed Combat
  3761 | D:5      | Reached skill level 1 in Earth Magic
  4063 | D:5      | Reached XP level 7. HP: 51/63 MP: 7/7
  4218 | D:6      | Found a glowing drain.
  4233 | Sewer    | Entered a sewer
  4261 | Sewer    | Noticed Purgy
  4276 | Sewer    | Killed Purgy
  4277 | Sewer    | Reached skill level 6 in Unarmed Combat
  4277 | Sewer    | Reached skill level 1 in Conjurations
  4448 | D:6      | Noticed a hippogriff
  4464 | D:6      | Killed a hippogriff
  4465 | D:6      | Reached skill level 7 in Unarmed Combat
  4465 | D:6      | Reached XP level 8. HP: 15/72 MP: 9/9
  4586 | D:6      | Found a runed translucent gate.
  4597 | D:6      | Found a runed translucent gate.
  4597 | D:6      | Found a runed translucent gate.
  4599 | D:6      | Noticed a spectral meliai
  4599 | D:6      | Noticed Mehrunes's ghost (novice OpEE)
  4664 | D:6      | Reached skill level 8 in Unarmed Combat
  4801 | D:6      | Reached skill level 9 in Unarmed Combat
  4807 | D:6      | Found Ibajojan's Jewellery Shoppe.
  4954 | D:6      | Bought an uncursed amulet of regeneration for 480 gold
                  | pieces
  5353 | D:7      | Noticed a centaur warrior
  5366 | D:7      | Killed a centaur warrior
  5367 | D:7      | Reached skill level 10 in Unarmed Combat
  5367 | D:7      | Reached XP level 9. HP: 51/81 MP: 11/11
  5543 | D:7      | Reached skill level 11 in Unarmed Combat
  5554 | D:7      | Got a fine steel ring
  5555 | D:7      | Identified the ring of Imeq {Ice rPois rN+ Int-4} (You
                  | found it on level 7 of the Dungeon)
  5732 | D:7      | Reached skill level 5 in Dodging
  6080 | D:7      | Found a snail-covered altar of Cheibriados.
  6369 | D:7      | Became a worshipper of Cheibriados the Contemplative
  6668 | D:8      | Noticed a manticore
  6672 | D:8      | Killed a manticore
  6673 | D:8      | Reached skill level 12 in Unarmed Combat
  6673 | D:8      | Reached XP level 10. HP: 70/91 MP: 12/12
  6719 | D:8      | Reached skill level 1 in Invocations
  6796 | D:8      | Found a staircase to the Lair.
  6819 | D:8      | HP: 2/91 [killer bee (7)]
  6823 | D:8      | Reached * piety under Cheibriados
  7199 | D:8      | Slain by a troll

Skill      XL: |  1  2  3  4  5  6  7  8  9 10 |
---------------+-------------------------------+-----
Fighting       | 1 2 3 4 |  4.0
Stealth        | 2 |  2.4
Unarmed Combat | 1 2 3 5 7 10 12 | 12.7
Dodging        | 3 4 5 |  5.8
Throwing       | 1 2 3 |  3.7
Evocations     | 1 2 3 |  3.1
Spellcasting   | 1 2 |  2.7
Earth Magic    | 1 2 3 |  3.8
Conjurations   | 1 2 |  2.8
Invocations    | 1 |  1.4
Maces & Flails | |  1.0

Action                   |  1- 3 |  4- 6 |  7- 9 | 10-12 || total
-------------------------+-------+-------+-------+-------++-------
Melee: Unarmed           |   174 |   139 |   258 |   108 ||   679
       Punch             |       |     2 |     6 |     1 ||     9
Throw: Stone             |       |       |    14 |    25 ||    39
Evoke: Wand              |       |       |       |     1 ||     1
  Use: Scroll            |     2 |     2 |     3 |     4 ||    11
       Potion            |       |       |       |     4 ||     4
 Stab: Sleeping          |     2 |     3 |     2 |       ||     7
  Eat: Chunk             |    21 |     9 |    28 |     5 ||    63
Armor: Skin              |    49 |    41 |   112 |    81 ||   283
Dodge: Dodged            |    73 |    55 |   132 |    78 ||   338
       Deflected         |       |     2 |     4 |     2 ||     8
